 Dungeon Crawl Stone Soup version 0.25-a0-302-g9f758675c1 (webtiles) character file.

Game seed: 6015568117325554684, levelgen mode: deterministic

262 MoonlitKnight the Charmwright (level 6, -1/50 HPs)
             Began as a Gnoll Skald on Dec 20, 2019.
             Succumbed to an orc's poison
             ... on level 4 of the Dungeon.
             The game lasted 00:04:54 (2753 turns).

MoonlitKnight the Charmwright (Gnoll Skald)         Turns: 2753, Time: 00:04:54

Health: -1/50      AC:  6    Str: 15    XL:     6   Next: 18%
Magic:  10/13      EV: 13    Int: 15    God:
Gold:   119        SH:  4    Dex: 15    Spells: 4/15 levels left

rFire    . . .     SeeInvis .   a - +0 spear
rCold    . . .     Gourm    .   u - +0 buckler
rNeg     . . .     Faith    .   e - +0 ring mail
rPois    .         Spirit   .   p - +0 helmet
rElec    .         Reflect  .   (no cloak)
rCorr    .         Harm     .   (no gloves)
MR       .....                  (no boots)
Stlth    +.........             (no amulet)
HPRegen  0.16/turn              (no ring)
MPRegen  0.13/turn              (no ring)

@: lethally poisoned (-1 -> -26), slowed, very slow
A: distributed training, fangs 1, strong nose
a: no special abilities


You were on level 4 of the Dungeon.
You were hungry.

You visited 1 branch of the dungeon, and saw 4 of its levels.

You collected 119 gold pieces.

Inventory:

Hand Weapons
 a - a +0 spear (weapon)
 b - a +2 hunting sling of flaming
Missiles
 o - 19 sling bullets
 q - 2 curare-tipped darts (quivered)
Armour
 e - a +0 ring mail (worn)
 p - a +0 helmet (worn)
 u - a +0 buckler (worn)
Jewellery
 s - an uncursed ring of wizardry {unknown}
Wands
 t - a wand of clouds (4)
Scrolls
 c - 2 scrolls of remove curse {unknown}
 f - 3 scrolls of teleportation {unknown}
 n - 3 scrolls of identify {unknown}
 r - a scroll of magic mapping {unknown}
Potions
 g - a potion of resistance {unknown}
 h - 4 potions of agility {unknown}
 i - a potion of flight {unknown}
 j - a potion of mutation {unknown}
 k - a potion of invisibility
 l - a potion of cancellation {unknown}
 m - 2 potions of lignification {unknown}
 v - a potion of might {unknown}
 w - a potion of haste {unknown}
Comestibles
 d - 5 rations


   Skills:
 + Level 4.9 Fighting
 + Level 1.8 Short Blades
 + Level 1.8 Long Blades
 + Level 1.8 Axes
 + Level 1.8 Maces & Flails
 + Level 4.9 Polearms
 + Level 1.8 Staves
 + Level 1.8 Slings
 + Level 1.8 Bows
 + Level 1.8 Crossbows
 + Level 1.8 Throwing
 + Level 3.1 Armour
 + Level 4.9 Dodging
 + Level 1.8 Stealth
 + Level 1.8 Shields
 + Level 1.8 Unarmed Combat
 + Level 5.3 Spellcasting
 + Level 1.4 Conjurations
 + Level 1.4 Hexes
 + Level 5.6 Charms
 + Level 1.4 Summonings
 + Level 1.4 Necromancy
 + Level 1.4 Translocations
 + Level 1.4 Transmutations
 + Level 1.4 Fire Magic
 + Level 1.4 Ice Magic
 + Level 1.4 Air Magic
 + Level 1.4 Earth Magic
 + Level 1.4 Poison Magic
 + Level 2.0 Invocations
 + Level 1.8 Evocations


You had 4 spell levels left.
You knew the following spells:

 Your Spells              Type           Power        Failure   Level  Hunger
a - Spectral Weapon       Hex/Chrm       ##......     28%         3    ###....
b - Shroud of Golubria    Chrm/Tloc      ##....       14%         2    ##.....
c - Infusion              Chrm           ###.         4%          1    None
d - Regeneration          Chrm/Necr      ##........   28%         3    ###....
e - Song of Slaying       Chrm           ###.....     6%          2    ##.....

Your spell library contained the following spells:

 Spells                   Type           Power        Failure   Level  Hunger


Dungeon Overview and Level Annotations

Branches:
Dungeon (4/15)
 Temple: D:4-7

Altars:
Dithmenos
Hepliaklqana
Ru


Innate Abilities, Weirdness & Mutations

Your experience applies equally to all skills.
You have very sharp teeth.
Your uncanny sense of smell can sniff out nearby items.


Message History

The orc hits you with a +2 short sword of venom.
* * * LOW HITPOINT WARNING * * *
You are lethally poisoned!
The adder skeleton bites your spectral weapon but does no damage.
You hit the orc but do no damage. You bite the orc.
The orc is moderately wounded.
* * * LOW HITPOINT WARNING * * *
You feel very sick.
Your spectral weapon hits the orc.
You kill the orc!
The orc wizard mumbles some strange words.
The orc wizard blinks!
* * * LOW HITPOINT WARNING * * *
You feel very sick.
The adder skeleton bites your spectral weapon but does no damage.
Your skin stops crawling.
* * * LOW HITPOINT WARNING * * *
You feel very sick.
Your spectral weapon fades away.
You die...

#......## #.......#
#........ #........
......... #........
######.......#
#..Z.)).......
#@#####.####.# #.# .#
########## #.# .#
#........# #.## .#
#....>...# #..## ##
#......<.# ##..#
#........#####.#
#..............#######
#........####........#


You could see an adder skeleton.

Vanquished Creatures
  2 hounds (D:4)
  An orc wizard (D:4)
  Jessica (D:2)
  A worker ant (D:3)
  Robin (D:2)
  3 adders
  A worm (D:2)
  A dart slug (D:1)
  5 leopard geckos
  5 orcs
  3 giant cockroaches
  10 hobgoblins
  10 kobolds
  A quokka (D:2)
  4 bats
  7 frilled lizards
  15 goblins
  5 rats
76 creatures vanquished.

Vanquished Creatures (others)
  A spectral weapon (D:2)
1 creature vanquished.

Grand Total: 77 creatures vanquished

Notes
Turn   | Place    | Note
-------+----------+-------------------------------------------
     0 | D:1      | MoonlitKnight the Gnoll Skald began the quest for the Orb.
     0 | D:1      | Reached XP level 1. HP: 20/20 MP: 6/6
   213 | D:1      | Reached XP level 2. HP: 24/26 MP: 7/7
   610 | D:2      | Noticed Jessica
   615 | D:2      | Killed Jessica
   615 | D:2      | Reached skill level 5 in Spellcasting
   615 | D:2      | Reached skill level 1 in Invocations
   615 | D:2      | Reached XP level 3. HP: 31/31 MP: 7/9
   622 | D:2      | Learned a level 2 spell: Shroud of Golubria
   626 | D:2      | Learned a level 3 spell: Spectral Weapon
   630 | D:2      | Learned a level 3 spell: Regeneration
   633 | D:2      | Learned a level 2 spell: Song of Slaying
   743 | D:2      | Reached skill level 1 in Short Blades
   743 | D:2      | Reached skill level 1 in Long Blades
   743 | D:2      | Reached skill level 1 in Axes
   743 | D:2      | Reached skill level 1 in Maces & Flails
   743 | D:2      | Reached skill level 1 in Staves
   743 | D:2      | Reached skill level 1 in Slings
   743 | D:2      | Reached skill level 1 in Bows
   743 | D:2      | Reached skill level 1 in Crossbows
   743 | D:2      | Reached skill level 1 in Throwing
   743 | D:2      | Reached skill level 1 in Stealth
   743 | D:2      | Reached skill level 1 in Shields
   743 | D:2      | Reached skill level 1 in Unarmed Combat
   743 | D:2      | Reached skill level 1 in Evocations
   746 | D:2      | Noticed Robin
   751 | D:2      | Reached XP level 4. HP: 22/38 MP: 8/11
   771 | D:2      | Killed Robin
  1220 | D:2      | Reached skill level 1 in Conjurations
  1220 | D:2      | Reached skill level 1 in Hexes
  1220 | D:2      | Reached skill level 1 in Summonings
  1220 | D:2      | Reached skill level 1 in Necromancy
  1220 | D:2      | Reached skill level 1 in Translocations
  1220 | D:2      | Reached skill level 1 in Transmutations
  1220 | D:2      | Reached skill level 1 in Fire Magic
  1220 | D:2      | Reached skill level 1 in Ice Magic
  1220 | D:2      | Reached skill level 1 in Air Magic
  1220 | D:2      | Reached skill level 1 in Earth Magic
  1220 | D:2      | Reached skill level 1 in Poison Magic
  1765 | D:3      | Found a hazy altar of Hepliaklqana.
  1808 | D:3      | Reached XP level 5. HP: 39/43 MP: 12/12
  2439 | D:3      | Found a shadowy altar of Dithmenos.
  2439 | D:3      | Found a sacrificial altar of Ru.
  2609 | D:4      | Reached XP level 6. HP: 33/50 MP: 13/13
  2752 | D:4      | HP: 2/50 [poisoned by an orc]
  2753 | D:4      | Succumbed to an orc's poison

Levels and vault maps discovered:
D:1:      wander_arrival_lonely_grave, layout_basic
D:2:      layout_basic, kennysheep_generic_room_6, uniq_robin, uniq_jessica
D:3:      layout_loops_corners, gammafunk_temple_overflow_pools,
          lemuel_statue_altar
D:4:      layout_rooms, serial_shops, shop, ebering_ghost_sewer_d,
          minmay_splitting_lines

Skill      XL: |  1  2  3  4  5  6 |
---------------+-------------------+-----
Spellcasting   | 5 |  5.3
Invocations    | 1 2 |  2.0
Short Blades   | 1 |  1.8
Long Blades    | 1 |  1.8
Axes           | 1 |  1.8
Maces & Flails | 1 |  1.8
Staves         | 1 |  1.8
Slings         | 1 |  1.8
Bows           | 1 |  1.8
Crossbows      | 1 |  1.8
Throwing       | 1 |  1.8
Stealth        | 1 |  1.8
Shields        | 1 |  1.8
Unarmed Combat | 1 |  1.8
Evocations     | 1 |  1.8
Conjurations   | 1 |  1.4
Hexes          | 1 |  1.4
Summonings     | 1 |  1.4
Necromancy     | 1 |  1.4
Translocations | 1 |  1.4
Transmutations | 1 |  1.4
Fire Magic     | 1 |  1.4
Ice Magic      | 1 |  1.4
Air Magic      | 1 |  1.4
Earth Magic    | 1 |  1.4
Poison Magic   | 1 |  1.4
Armour         | 3 |  3.1
Fighting       | |  4.9
Polearms       | |  4.9
Dodging        | |  4.9
Charms         | |  5.6

Action                   |  1- 3 |  4- 6 || total
-------------------------+-------+-------++-------
Melee: Spear             |    75 |   195 ||   270
       Bite              |     4 |    12 ||    16
       Punch             |     1 |       ||     1
 Fire: Hunting sling     |       |     1 ||     1
 Cast: Infusion          |     1 |       ||     1
       Spectral Weapon   |     2 |     6 ||     8
       Regeneration      |       |     1 ||     1
 Stab: Sleeping          |       |     2 ||     2
       Distracted        |       |     1 ||     1
  Eat: Chunk             |       |     6 ||     6
Armor: Ring mail         |    15 |    60 ||    75
Dodge: Dodged            |    36 |    88 ||   124
Block: Buckler           |       |    20 ||    20

Table legend:
 A = Non-vault XP
 B = Vault XP
 C = Vault XP percentage of total XP
 D = Non-vault monster count
 E = Vault monster count
 F = Vault count percentage of total count
                 A         B        C        D         E       F
            +---------+---------+-------+---------+---------+-------
      Total |     302 |      73 |  19.5 |      63 |      13 |  17.1
            +---------+---------+-------+---------+---------+-------
        D:1 |      28 |       0 |   0.0 |      18 |       0 |   0.0
        D:2 |      51 |      73 |  58.9 |      22 |      13 |  37.1
        D:3 |      87 |       0 |   0.0 |      17 |       0 |   0.0
        D:4 |     136 |       0 |   0.0 |       6 |       0 |   0.0
            +---------+---------+-------+---------+---------+-------
